 Dungeon Crawl Stone Soup version 0.25-a0-734-g73332ae (webtiles) character file.

Game seed: 4782442783776497656, levelgen mode: deterministic

109 Dorkslayer the Skirmisher (level 4, -1/35 HPs)
             Began as a Demonspawn Abyssal Knight on Apr 9, 2020.
             Was a Believer of Lugonu.
             Killed from afar by an orc wizard (5 damage)
             ... with a magic dart
             ... on level 3 of the Dungeon.
             The game lasted 00:09:30 (2348 turns).

Dorkslayer the Skirmisher (DsAK)                    Turns: 2348, Time: 00:09:31

Health: -1/35      AC:  9    Str: 14    XL:     4   Next: 59%
Magic:  6/6        EV:  5    Int: 13    God:    Lugonu [**....]
Gold:   183        SH:  8    Dex: 17    Spells: 3/3 levels left

rFire    . . .     SeeInvis .   a - +3 hand axe
rCold    . . .     Gourm    .   q - +0 kite shield
rNeg     . . .     Faith    +   g - +0 chain mail
rPois    .         Spirit   .   (helmet restricted)
rElec    .         Reflect  .   (no cloak)
rCorr    .         Harm     .   (no gloves)
MR       .....                  m - +0 pair of boots
Stlth    ..........             d - amulet of faith
HPRegen  0.11/turn              o - +5 ring of dexterity
MPRegen  0.10/turn              (no ring)

@: very slightly contaminated
A: antennae 1, sturdy frame 1
a: Depart the Abyss, Bend Space, Renounce Religion


You were on level 3 of the Dungeon.
You worshipped Lugonu.
Lugonu was pleased with you.
You were not hungry.

You visited 1 branch of the dungeon, and saw 3 of its levels.
You visited the Abyss 1 time.

You collected 183 gold pieces.

Inventory:

Hand Weapons
 a - a +3 hand axe (weapon)
Armour
 g - a +0 chain mail (worn)
 m - a +0 pair of boots (worn)
 q - a +0 kite shield (worn)
Jewellery
 d - an amulet of faith (around neck)
 o - a +5 ring of dexterity (left hand)
Scrolls
 j - a scroll of teleportation {unknown}
 k - a scroll of remove curse
 l - a scroll of fog {unknown}
 r - a scroll of fear {unknown}
 s - a scroll of noise {unknown}
Potions
 e - a potion of lignification
 f - a potion of flight
 n - a potion of brilliance
Comestibles
 c - 2 rations
 h - 3 chunks of flesh


   Skills:
 + Level 3.5 Fighting
 + Level 3.1 Axes
 + Level 2.4 Armour
 + Level 1.3 Dodging
 * Level 0.8 Shields
 + Level 2.9 Invocations


You had 3 spell levels left.
You didn't know any spells.
Your spell library was empty.

Dungeon Overview and Level Annotations

Branches:
Dungeon (3/15)

Altars:
Cheibriados
Yredelemnul
The Shining One


Innate Abilities, Weirdness & Mutations

You have a pair of small antennae on your head.
Your movements are slightly less encumbered by armour. (ER -2)


Message History

You hit the orc wizard.
The orc wizard is lightly wounded.
The orc wizard hits you but does no damage. x2
Your shield and chain mail prevent you from hitting the orc wizard.
The orc wizard is lightly wounded.
You block the orc wizard's attack. x2
You barely miss the orc wizard.
The orc wizard is lightly wounded.
You block the orc wizard's attack.
The frilled lizard unfolds its giant frill.
The orc wizard hits you but does no damage.
You hit the orc wizard.
The orc wizard is heavily wounded.
The orc wizard hits you but does no damage. x2
Blink to where?
Press: ? - help, Dir - move target cursor
As you read the scroll of blinking, it crumbles to dust.
The orc wizard casts a spell at you. The magic dart hits you.
You die...

#......g........##
.................#
.........###.###.#
.........# #)# #.#
.........###'###.##
.......ogg{g{###..#
...?.....###g###..##
.........# #{# #...# .
.........###b###@#....
..........oglo§........#
..........w#########...#
........!.. ##
..K........ ...........
........... .......
.......


You could see a worm, an orc wizard, an orc, a hobgoblin and a frilled lizard.

Vanquished Creatures
  Terence (D:3)
  3 adders (D:3)
  3 worms
  2 dart slugs
  2 leopard geckos (D:2)
  2 orcs (D:3)
  7 bats
  2 giant cockroaches
  4 goblins
  A hobgoblin (D:1)
  2 jackals (D:1)
  A quokka (D:2)
  A ball python (D:3)
  3 frilled lizards (D:1)
  5 kobolds
  7 rats
46 creatures vanquished.

Notes
Turn   | Place    | Note
-------+----------+-------------------------------------------
     0 | Abyss:1  | Dorkslayer the Demonspawn Abyssal Knight began the quest
                  | for the Orb.
     0 | Abyss:1  | Reached XP level 1. HP: 18/18 MP: 2/2
    39 | Abyss:1  | Noticed a small abomination
    43 | D:1      | Escaped the Abyss
    75 | D:1      | Reached * piety under Lugonu
   148 | D:1      | Gained mutation: Your movements are slightly less
                  | encumbered by armour. (ER -2) [demonic ancestry]
   148 | D:1      | Reached XP level 2. HP: 13/24 MP: 4/4
   217 | D:1      | Reached skill level 1 in Dodging
  1465 | D:2      | Reached XP level 3. HP: 20/29 MP: 5/5
  1762 | D:2      | Found a glowing golden altar of the Shining One.
  1805 | D:3      | Noticed Terence
  1840 | D:3      | Found a snail-covered altar of Cheibriados.
  1847 | D:3      | Reached ** piety under Lugonu
  1914 | D:3      | Killed Terence
  1914 | D:3      | Gained mutation: You have a pair of small antennae on your
                  | head. [demonic ancestry]
  1914 | D:3      | Reached XP level 4. HP: 13/35 MP: 6/6
  2318 | D:3      | Found a basalt altar of Yredelemnul.
  2348 | D:3      | Killed from afar by an orc wizard

Levels and vault maps discovered:
D:1:      evilmike_arrival_home_sweet_home, layout_loops_ring
D:2:      layout_basic, nicolae_overflow_hidden_temple, first_ration
D:3:      layout_rooms, lemuel_doored_altar, overflow_temple_1_default,
          uniq_terence

Skill      XL: |  1  2  3  4 |
---------------+-------------+-----
Axes           | 2 3 |  3.1
Armour         | 2 |  2.4
Dodging        | 1 |  1.3
Fighting       | |  3.5
Shields        | |  0.8
Invocations    | |  2.9

Action                   |  1- 3 |  4- 6 || total
-------------------------+-------+-------++-------
Melee: Hand axe          |   161 |    37 ||   198
Invok: Depart the Abyss  |     1 |       ||     1
  Use: Scroll            |     3 |     5 ||     8
       Potion            |     1 |     2 ||     3
  Eat: Chunk             |     2 |       ||     2
       Ration            |     1 |       ||     1
Armor: Leather armour    |    18 |       ||    18
       Chain mail        |    68 |    24 ||    92
Dodge: Dodged            |    75 |     3 ||    78
Block: Kite shield       |    17 |    18 ||    35

Table legend:
 A = Non-vault XP
 B = Vault XP
 C = Vault XP percentage of total XP
 D = Non-vault monster count
 E = Vault monster count
 F = Vault count percentage of total count
                 A         B        C        D         E       F
            +---------+---------+-------+---------+---------+-------
      Total |     120 |      36 |  23.1 |      45 |       1 |   2.2
            +---------+---------+-------+---------+---------+-------
        D:1 |      26 |       0 |   0.0 |      17 |       0 |   0.0
        D:2 |      30 |       0 |   0.0 |      15 |       0 |   0.0
        D:3 |      64 |      36 |  36.0 |      13 |       1 |   7.1
            +---------+---------+-------+---------+---------+-------
